 Dungeon Crawl Stone Soup version 0.17-a0-1174-ge06b3cc (webtiles) character file.

34 Hanyuu the Insei (level 3, -1/23 HPs)
             Began as an Octopode Transmuter on May 29, 2015.
             Slain by a giant gecko (4 damage)
             ... on level 2 of the Dungeon.
             The game lasted 00:02:22 (1640 turns).

Hanyuu the Insei (Octopode Transmuter)              Turns: 1640, Time: 00:02:23

Health: -1/23      AC:  1    Str:  9    XL:     3   Next: 31%
Magic:  6/6        EV: 12    Int: 16    God:
Gold:   62         SH:  0    Dex: 12    Spells: 3 memorised, 0 levels left

rFire  . . .     SeeInvis .       - Unarmed
rCold  . . .     Clarity  .     (no shield)
rNeg   . . .     SustAt   .     (helmet restricted)
rPois  .         Gourm    .     (no amulet)
rElec  .         Spirit   .     (no ring)
rCorr  .         Warding  .     (no ring)
rMut   .         Stasis   .     (no ring)
MR     .....                    (no ring)
Stlth  ++........               (no ring)
                                (no ring)
                                (no ring)
                                (no ring)

@: not resistant to hostile enchantments, unstealthy
A: almost no armour, amphibious, 8 rings, constrict 8, camouflage 1, gelatinous
body 1
a: no special abilities


You were on level 2 of the Dungeon.
You were not hungry.

You visited 1 branch of the dungeon, and saw 2 of its levels.

You collected 62 gold pieces.

Inventory:

Missiles
 a - 24 arrows
Scrolls
 d - a scroll of identify {unknown}
 e - a scroll of remove curse {unknown}
 f - a scroll of immolation {unknown}
 h - a scroll of enchant weapon {unknown}
Potions
 g - a potion of brilliance {unknown}
Books
 b - a book of Changes

   Spells                             Type                      Level
   a - Beastly Appendage              Transmutation                1
   b - Sticks to Snakes               Transmutation                2
   c - Spider Form                    Transmutation/Poison         3
   d - Ice Form                       Ice/Transmutation            4
   e - Blade Hands                    Transmutation                5
Comestibles
 c - a bread ration
 j - a slice of pizza


   Skills:
 - Level 1.0 Fighting
 - Level 2.0 Dodging
 * Level 4.2 Unarmed Combat
 - Level 2.0 Spellcasting
 + Level 2.0 Transmutations


You couldn't memorise any spells.
You knew the following spells:

 Your Spells              Type           Power        Failure   Level  Hunger
a - Beastly Appendage     Trmt           #.....       10%         1    #......
b - Sticks to Snakes      Trmt           #.........   14%         2    ###....
c - Spider Form           Trmt/Pois      #.........   38%         3    ###....


Dungeon Overview and Level Annotations

Branches:
Dungeon (2/15)

Altars:


Innate Abilities, Weirdness & Mutations

You cannot wear most types of armour.
You are amphibious.
You can wear up to eight rings at the same time.
You can use your tentacles to constrict eight enemies at once.
Your skin changes colour to match your surroundings (Stealth).
Your rubbery body absorbs attacks (AC +1).


Message History

The hobgoblin hits you.
You barely miss the hobgoblin.
The hobgoblin is almost dead.
You constrict the hobgoblin.
You kill the hobgoblin!
The giant gecko misses you.
You closely miss the giant gecko. Your grab misses the giant gecko.
Your squeeze misses the giant gecko. The giant gecko bites you.
You tentacle-slap the giant gecko but do no damage.
Your grab misses the giant gecko. The giant gecko bites you.
You closely miss the giant gecko. Your grab misses the giant gecko.
Your squeeze misses the giant gecko. The giant gecko closely misses you.
You closely miss the giant gecko. You grab the giant gecko.
You squeeze the giant gecko, but do no damage.
You constrict the giant gecko, but do no damage.
The giant gecko bites you.
* * * LOW HITPOINT WARNING * * *
You release your grip on the giant gecko.
The giant gecko bites you.
You die...

#### ...# ## ...###
.. .....# .# ...).#
.# .<...# .# ....##
###.###>#. ....#
#.l†...... ....#
#@#....... ....#
#.######## ###.# #.#
#.# #####.### #.#
#.......# #.#
#.###.#.# ###.#
#.###.#.# #.#.#
#.#...#.#
....########.#...#.##


You could see a giant gecko.

Vanquished Creatures
  An adder (D:1)
  An ooze (D:1)
  6 hobgoblins
  5 ball pythons (D:1)
  2 giant cockroaches
  A giant gecko (D:1)
  5 kobolds
  A rat (D:1)
22 creatures vanquished.

Notes
Turn   | Place    | Note
--------------------------------------------------------------
     0 | D:1      | Hanyuu the Octopode Transmuter began the quest for the Orb.
     0 | D:1      | Reached XP level 1. HP: 13/13 MP: 3/3
   377 | D:1      | Reached XP level 2. HP: 6/18 MP: 3/5
   763 | D:1      | Reached skill level 4 in Unarmed Combat
   766 | D:1      | Reached XP level 3. HP: 11/23 MP: 4/6
   996 | D:1      | Learned a level 2 spell: Sticks to Snakes
  1000 | D:1      | Learned a level 3 spell: Spider Form
  1640 | D:2      | Slain by a giant gecko

Vault maps used:
D:1:      minmay_arrival_wavy_path, minmay_shallow_snake_nest
D:2:      minmay_kobold_bridge

Action                   || total
-------------------------++-------
Melee: Unarmed           ||    63
 Cast: Beastly Appendage ||     2
 Stab: Sleeping          ||     5
  Eat: Chunk             ||     2
